 Dungeon Crawl Stone Soup version 0.31-a0-237-g2d982f9f85 (webtiles) character file.

Game seed: 9993242353202789063

329 qw the Shooter (level 6, -2/52 HPs)
             Began as a Minotaur Hexslinger on July 10, 2023.
             Slain by Pikel
             ... wielding a +2 whip of freezing
              (17 damage)
             ... on level 4 of the Dungeon.
             The game lasted 00:01:40 (2921 turns).

qw the Shooter (Minotaur Hexslinger)                Turns: 2921, Time: 00:01:40

Health: -2/52      AC:  6    Str: 12    XL:     6   Next: 25%
Magic:  6/6        EV: 12    Int: 10    God:
Gold:   138        SH:  0    Dex: 15    Spells: 6/7 levels left

rFire   . . .        Y - +1 sling
rCold   . . .        (no shield)
rNeg    + . .        j - +0 leather armour
rPois   .            (helmet restricted)
rElec   .            (no cloak)
rCorr   .            e - +2 pair of gloves
SInv    .            (no boots)
Will    .....        b - amulet of regeneration
Stlth   +            d - ring of positive energy
HPRegen 1.08/turn    (no ring)
MPRegen 0.10/turn

%: no passive effects
@: no status effects
A: horns 2, retaliatory headbutt
a: no special abilities


You were on level 4 of the Dungeon.
You visited 1 branch of the dungeon, and saw 4 of its levels.
You also visited: Sewer.

You collected 138 gold pieces.


Innate Abilities, Weirdness & Mutations

You have a pair of horns on your head.
You reflexively headbutt those who attack you in melee.


   Skills:
 - Level 4.2 Fighting
 + Level 6.0 Ranged Weapons
 - Level 1.2 Armour
 - Level 2.1 Dodging
 - Level 1.0 Spellcasting
 - Level 2.0 Hexes


You had 6 spell levels left.
You knew the following spells:

 Your Spells              Type           Power      Damage    Failure   Level
a - Slow                  Hex            16%        N/A       19%         1

Your spell library contained the following spells:

 Spells                   Type           Power      Damage    Failure   Level
 Inner Flame              Hex/Fire       2%         N/A       65%         3
 Portal Projectile        Hex/Tloc       4%         N/A       65%         3
 Cause Fear               Hex            2%         N/A       88%         4

Inventory:

Hand Weapons
 Y - a +1 sling (weapon)
Armour
 e - a +2 pair of gloves (worn)
 j - a +0 leather armour (worn)
Jewellery
 b - an amulet of regeneration (around neck)
 d - a ring of positive energy (left hand)
 f - a ring of fire
Scrolls
 a - a scroll of identify
 h - a scroll of enchant armour
 i - a scroll of amnesia {unknown}
Potions
 c - a potion of haste
 g - 2 potions of might
 l - a potion of curing
 n - a potion of cancellation
 p - a potion of mutation
 q - a potion of ambrosia {unknown}

Dungeon Overview and Level Annotations

Branches:
Dungeon (4/15)              Sewer (visited)
 Temple: D:4-7

Altars:

Shops:
D:1 [

Annotations:
D:4 Pikel


Message History

You shoot a sling bullet. The sling bullet hits the ball python.
The ball python is severely wounded.
The ball python barely misses you. You furiously retaliate!
You headbutt the ball python.
You kill the ball python!
The lemure barely misses you.
You shoot a sling bullet.
The sling bullet barely misses the lemure.
The lemure hits you. The lemure barely misses you. The lemure hits you!
You shoot a sling bullet. The sling bullet hits the lemure.
The lemure is moderately wounded.
The lemure hits you.
Pikel drinks a potion.
Pikel goes berserk!
The lemure barely misses you. You furiously retaliate!
You headbutt the lemure! You shoot a sling bullet.
The sling bullet barely misses the lemure.
The lemure completely misses you. You furiously retaliate!
You headbutt the lemure.
A lemure comes into view.
The lemure shouts!
You shoot a sling bullet.
The sling bullet hits the lemure but does no damage.
The lemure is lightly wounded.
You hear a shout!
Pikel hits you with a +2 whip of freezing!
Pikel freezes you. The lemure hits you but does no damage.
A lemure comes into view.
You shoot a sling bullet.
The sling bullet closely misses the lemure.
Pikel closely misses you. The lemure barely misses you.
An endoplasm comes into view.
Pikel hits you with a +2 whip of freezing!
Pikel freezes you.
You shoot a sling bullet.
The sling bullet closely misses the lemure.
The endoplasm quivers.
Pikel hits you with a +2 whip of freezing.
Pikel freezes you. The lemure misses you. You furiously retaliate!
You headbutt the lemure!
Pikel hits you with a +2 whip of freezing!
You die...

...#. .#.. ..: # #.. .#
.. ..#? ##5#..5J.
###5K%5.# #..@# #.#.# .
#...###.# #[..%...#
##############%...#.....
.............'........#.
##.###########......#.#
#.# #........# #.#
#....>.#..


You could see Pikel (berserk), 4 lemures and an endoplasm.

Vanquished Creatures
  A scorpion (D:4)
  Robin (D:3)
  12 adders
  4 river rats (Sewer)
  A worm (D:4)
  2 dart slugs
  2 orcs (D:3)
  3 bats
  4 endoplasms
  6 giant cockroaches
  16 goblins
  12 hobgoblins
  4 jackals (D:2)
  4 quokkas
  14 ball pythons
  5 frilled lizards
  3 kobolds
  13 rats
107 creatures vanquished.

Notes
Turn   | Place    | Note
-------+----------+-------------------------------------------
     0 | D:1      | qw the Minotaur Hexslinger began the quest for the Orb.
     0 | D:1      | Reached XP level 1. HP: 16/16 MP: 1/1
     0 | D:1      | 0 ||| qw: Version: 0.3-a-52-g30416fa
     0 | D:1      | 0 ||| qw: Game counter: 5201
     0 | D:1      | 0 ||| qw: Melee chars always use a shield: true
     0 | D:1      | 0 ||| qw: God list: Okawaru
     0 | D:1      | 0 ||| qw: Allow faded altars: false
     0 | D:1      | 0 ||| qw: Do Orc after clearing Dungeon:15 true
     0 | D:1      | 0 ||| qw: Do second Lair branch before Depths: true
     0 | D:1      | 0 ||| qw: Lair rune preference: random
     0 | D:1      | 0 ||| qw: Goals: Normal
     0 | D:1      | 0 ||| PLANNING D:1-11
    93 | D:1      | Reached skill level 3 in Ranged Weapons
   100 | D:1      | Reached XP level 2. HP: 23/23 MP: 2/2
   213 | D:1      | Found Udatas's Armour Boutique.
   233 | D:1      | 233 ||| SHOPLISTING +0 cloak (63 gold, have 14).
   233 | D:1      | 233 ||| SHOPLISTING +0 leather armour (28 gold, have 14).
   233 | D:1      | 233 ||| SHOPLISTING +3 leather armour of poison resistance
                  | (294 gold, have 14).
   413 | D:1      | Reached XP level 3. HP: 29/29 MP: 3/3
   686 | D:1      | You fall into a shaft and drop 1 floor!
   821 | D:2      | Reached skill level 4 in Ranged Weapons
   836 | D:2      | 836 ||| UPGRADING to +0 leather armour.
   846 | D:2      | 846 ||| DROPPING +0 robe.
   847 | D:2      | 847 ||| UPGRADING to +0 pair of gloves.
   852 | D:2      | 852 ||| READING 2 scrolls labelled TAXKAH SOOWONG.
   853 | D:2      | 853 ||| READING scroll labelled UNIMAHO YSHO.
   854 | D:2      | 854 ||| READING scroll labelled YPHORA FURCHAT.
   859 | D:2      | 859 ||| READING scroll labelled WIDIT QAILORPH.
   860 | D:2      | 860 ||| DRINKING 3 orange potions.
   861 | D:2      | 861 ||| DROPPING scroll of poison.
   862 | D:2      | 862 ||| Stepping randomly (stuck).
   863 | D:2      | 863 ||| Stepping randomly (stuck).
   864 | D:2      | 864 ||| Stepping randomly (stuck).
   865 | D:2      | 865 ||| Stepping randomly (stuck).
   866 | D:2      | 866 ||| Stepping randomly (stuck).
   867 | D:2      | 867 ||| Stepping randomly (stuck).
   868 | D:2      | 868 ||| Stepping randomly (stuck).
   869 | D:2      | 869 ||| Stepping randomly (stuck).
   870 | D:2      | 870 ||| Stepping randomly (stuck).
   871 | D:2      | 871 ||| Stepping randomly (stuck).
   872 | D:2      | 872 ||| Stepping randomly (stuck).
   873 | D:2      | 873 ||| Stepping randomly (stuck).
   874 | D:2      | 874 ||| Stepping randomly (stuck).
   875 | D:2      | 875 ||| Stepping randomly (stuck).
   876 | D:2      | 876 ||| Stepping randomly (stuck).
   877 | D:2      | 877 ||| Stepping randomly (stuck).
   878 | D:2      | 878 ||| Stepping randomly (stuck).
   879 | D:2      | 879 ||| Stepping randomly (stuck).
   880 | D:2      | 880 ||| Stepping randomly (stuck).
   881 | D:2      | 881 ||| Stepping randomly (stuck).
   882 | D:2      | 882 ||| Stepping randomly (stuck).
   883 | D:2      | 883 ||| Stepping randomly (stuck).
   884 | D:2      | 884 ||| Stepping randomly (stuck).
   885 | D:2      | 885 ||| Stepping randomly (stuck).
   886 | D:2      | 886 ||| Stepping randomly (stuck).
   887 | D:2      | 887 ||| Stepping randomly (stuck).
   888 | D:2      | 888 ||| Stepping randomly (stuck).
   889 | D:2      | 889 ||| Stepping randomly (stuck).
   890 | D:2      | 890 ||| Stepping randomly (stuck).
   891 | D:2      | 891 ||| Stepping randomly (stuck).
   892 | D:2      | 892 ||| Stepping randomly (stuck).
   893 | D:2      | 893 ||| Stepping randomly (stuck).
   894 | D:2      | 894 ||| Stepping randomly (stuck).
   895 | D:2      | 895 ||| Stepping randomly (stuck).
   896 | D:2      | 896 ||| Stepping randomly (stuck).
   897 | D:2      | 897 ||| Stepping randomly (stuck).
   898 | D:2      | 898 ||| Stepping randomly (stuck).
   988 | D:2      | 988 ||| FLEEEEING.
   989 | D:2      | 989 ||| FLEEEEING.
   995 | D:2      | 995 ||| STAIRDANCE
  1127 | D:1      | 1127 ||| UPGRADING to +1 pair of gloves.
  1137 | D:1      | 1137 ||| DROPPING +0 pair of gloves.
  1138 | D:1      | 1138 ||| UPGRADING to ring of positive energy.
  1139 | D:1      | 1139 ||| READING scroll labelled JUMPIKLI WUNKAIPN.
  1140 | D:1      | 1140 ||| READING scroll labelled ICIEFO ULEVOLA.
  1141 | D:1      | 1141 ||| DRINKING 2 murky inky potions.
  1621 | D:2      | 1621 ||| UPGRADING to amulet of regeneration.
  1626 | D:2      | 1626 ||| READING 2 scrolls of identify.
  1626 | D:2      | 1626 ||| IDENTIFYING emerald potion
  1627 | D:2      | 1627 ||| DROPPING potion of lignification.
  1654 | D:3      | 1654 ||| PLANNING SEWER
  1659 | D:3      | 1659 ||| STAIRDANCE
  1674 | D:3      | Identified the +1 whip of the Fortifying Weasel {venom,
                  | *Rage Will- rCorr Dex+5}
  1686 | D:3      | 1686 ||| READING scroll of enchant armour.
  1686 | D:3      | 1686 ||| ENCHANTING +1 pair of gloves.
  1731 | D:3      | Reached XP level 4. HP: 36/36 MP: 4/4
  1756 | D:3      | Found a glowing drain.
  1761 | D:3      | 1761 ||| Stepping ~*~*~tactically~*~*~ (water).
  1769 | Sewer    | Entered a sewer
  1787 | Sewer    | Reached skill level 5 in Ranged Weapons
  1813 | Sewer    | 1813 ||| Stepping ~*~*~tactically~*~*~ (water).
  1815 | Sewer    | 1815 ||| Stepping ~*~*~tactically~*~*~ (water).
  1817 | Sewer    | 1817 ||| Stepping ~*~*~tactically~*~*~ (water).
  1855 | Sewer    | Reached skill level 3 in Fighting
  1879 | Sewer    | 1879 ||| Stepping ~*~*~tactically~*~*~ (water).
  1881 | Sewer    | 1881 ||| Stepping ~*~*~tactically~*~*~ (water).
  2072 | Sewer    | Reached XP level 5. HP: 45/45 MP: 5/5
  2087 | Sewer    | 2087 ||| READING scroll labelled FOPORE ZESOMI.
  2088 | Sewer    | 2088 ||| READING scroll labelled GAYCUDGHEOCO.
  2089 | Sewer    | 2089 ||| READING 2 scrolls of identify.
  2089 | Sewer    | 2089 ||| IDENTIFYING green potion
  2126 | D:3      | 2126 ||| PLANNING D:1-11
  2219 | D:3      | Noticed Robin
  2236 | D:3      | HP: 9/45 [hobgoblin[Robin] (3)]
  2237 | D:3      | 2237 ||| DRINKING potion of heal wounds.
  2243 | D:3      | Killed Robin
  2493 | D:3      | Identified the +6 flail of Ysidiozu {heavy, rPois Int-3
                  | Dex+8 Stlth+}
  2567 | D:3      | Reached skill level 6 in Ranged Weapons
  2617 | D:3      | Reached skill level 1 in Armour
  2797 | D:3      | 2797 ||| READING scroll labelled RODURA GAERI.
  2798 | D:3      | 2798 ||| READING scroll labelled GODOTU BENEOD.
  2799 | D:3      | 2799 ||| READING 6 scrolls of identify.
  2799 | D:3      | 2799 ||| IDENTIFYING cyan potion
  2800 | D:3      | 2800 ||| READING 5 scrolls of identify.
  2800 | D:3      | 2800 ||| IDENTIFYING smoky purple potion
  2801 | D:3      | 2801 ||| READING 4 scrolls of identify.
  2801 | D:3      | 2801 ||| IDENTIFYING brown potion
  2802 | D:3      | 2802 ||| READING 3 scrolls of identify.
  2802 | D:3      | 2802 ||| IDENTIFYING clear potion
  2803 | D:3      | 2803 ||| READING 2 scrolls of identify.
  2803 | D:3      | 2803 ||| IDENTIFYING bubbling brown potion
  2804 | D:3      | 2804 ||| DROPPING potion of degeneration.
  2805 | D:3      | 2805 ||| DROPPING potion of invisibility.
  2883 | D:4      | Reached XP level 6. HP: 40/52 MP: 6/6
  2912 | D:4      | Noticed Pikel
  2921 | D:4      | Slain by Pikel

Levels and vault maps discovered:
D:1:      dpeg_arrival_short_road, layout_loops_ring, serial_shops, shop,
          chequers_serial_rivers_room_a
D:2:      layout_loops_ring
D:3:      layout_basic, portal_sewer_entry_f, grunt_ministairs_11,
          minmay_snake_closets, uniq_robin
D:4:      layout_basic, minmay_fractal_squares_5, uniq_pikel, uniq_duvessa

Skill      XL: |  1  2  3  4  5 |
---------------+----------------+-----
Ranged Weapons | 3 4 5 6 |  6.0
Fighting       | 2 3 4 |  4.2
Armour         | 1 |  1.2
Dodging        | |  2.1
Spellcasting   | |  1.0
Hexes          | |  2.0

Action                     |  1- 3 |  4- 6 || total
---------------------------+-------+-------++-------
   Fire: Sling             |   127 |   211 ||   338
    Use: Scroll            |     8 |    10 ||    18
         Potion            |     2 |     1 ||     3
 Armour: Robe              |     4 |       ||     4
         Leather armour    |     4 |    58 ||    62
  Dodge: Dodged            |    47 |   110 ||   157

Table legend:
 A = Non-vault XP
 B = Vault XP
 C = Vault XP percentage of total XP
 D = Non-vault monster count
 E = Vault monster count
 F = Vault count percentage of total count
                 A         B        C        D         E       F
            +---------+---------+-------+---------+---------+-------
      Total |     175 |     295 |  62.8 |      57 |      50 |  46.7
            +---------+---------+-------+---------+---------+-------
        D:1 |      47 |       0 |   0.0 |      26 |       0 |   0.0
        D:2 |      40 |       0 |   0.0 |      10 |       0 |   0.0
        D:3 |      60 |     133 |  68.9 |      14 |      27 |  65.9
        D:4 |      28 |      93 |  76.9 |       7 |       4 |  36.4
      Sewer |       0 |      69 | 100.0 |       0 |      19 | 100.0
            +---------+---------+-------+---------+---------+-------
